[Event "NY Presidents Day IM-B 2024"]
[Site "New York"]
[Date "2024.02.16"]
[Round "1.1"]
[White "Xu, Grant"]
[Black "Lee, Megan"]
[Result "1/2-1/2"]
[ECO "C54"]
[WhiteElo "2313"]
[BlackElo "2267"]
[Annotator "TA"]
[PlyCount "99"]
[EventDate "2024.02.14"]
[EventType "schev"]
[EventCountry "USA"]
[SourceTitle "playchess.com"]
[Source "ChessBase"]
[SourceQuality "1"]
[TimeControl "5400+30"]

1. e4 e5 2. Nf3 Nc6 3. Bc4 Bc5 4. c3 Nf6 5. d4 exd4 6. e5 d5 7. Bb5 Ne4 8. cxd4 Bb6 9. Nc3 O-O 10. Be3 h6 11. Qb3 Nxc3 12. bxc3 Bf5 13. O-O Na5 14. Qd1 Nc4 15. Bxc4 dxc4 16. Nd2 Bd3 17. Re1 Qd5 18. Qg4 f5 19. Qg3 Kh7 20. h4 {[%emt 0:00:39] White is weak on the light squares} Rae8 21. a4 Ba5 22. Rec1 Re6 {[%emt 0:05:56][%cal Of5f4] Hoping for ...f4!} 23. Qf4 (23. f4 $11 {feels stronger.}) 23... Rg8 24. Qf3 c6 (24... Qxf3 {simplifies} 25. Nxf3 Rb6 26. Ra2 Be4) 25. Qh5 (25. Qh3 $15 {might be stronger.}) 25... Rf8 {[%emt 0:04:29] aiming for ...f4.} (25... Bd8 {simplifies} 26. Qf3 g5 27. hxg5 hxg5 28. Qxd5 cxd5 29. Nf3 f4) 26. Nf3 (26. Bf4 $1 $15) 26... Kg8 $17 {[%emt 0:00:53] ...f4 would now be deadly.} 27. Ne1 {[%emt 0:04:02] [#]} (27. Bf4 $17) 27... f4 $1 $19 28. Bd2 (28. Nxd3 {only move.} fxe3 (28... cxd3 29. Bd2 $11) 29. Nc5 Rxf2 (29... exf2+ $2 30. Kf1 $19) 30. Qg4 Rxe5 31. dxe5 Qxc5 32. Qe6+ Kh7 33. Qd6) 28... Rg6 {[%emt 0:03:20] And now ...f3 would win.} 29. f3 (29. Kh1 $142 c5 30. Rd1) 29... Bf5 30. Ra2 (30. Bxf4 Bxc3 31. Rxc3 Qxd4+ 32. Re3 Qxa1) 30... Rg3 {[%emt 0:01:01] Strongly threatening ...Bg6.} 31. e6 Bxe6 (31... Qxe6 $19 {is more deadly.} 32. Bxf4 Bxc3) 32. Qxd5 $17 Bxd5 33. Rb2 b6 34. Kf2 Rg6 35. Nc2 Re6 (35... Rd6 $142 36. Re1 Be6) 36. Rbb1 (36. Nb4 $142) 36... g5 37. hxg5 hxg5 38. Nb4 (38. Re1 $17) 38... Rfe8 (38... Bxb4 $19 39. cxb4 g4) 39. Re1 Bxb4 40. Rxe6 Bxe6 41. cxb4 {[%emt 0:01:02][%mdl 4096] Endgame. KRB-KRB} Kf7 42. b5 {[%emt 0:00:24] [#]} (42. Rh1 $17 {is a better defense.}) 42... Bd7 (42... Bf5 $1 $19 {[%cal Rf5b1] and Black stays clearly on top.} 43. Ra1 Bd3) 43. bxc6 Bxc6 44. Rb4 Bd5 45. Rb5 Ke6 46. a5 Rc8 (46... Rb8 $15 47. Bb4 Rb7) 47. axb6 $11 {[%emt 0:01:19] The position is equal.} c3 48. b7 Rb8 ({Stronger than} 48... cxd2 49. bxc8=Q+ (49. bxc8=R $2 {loses.} d1=Q $19) 49... Kf7 50. Qd7+ (50. Rxd5 d1=N+ 51. Kg1 Kg6 52. Qe6+ Kh5 53. Qf6 Kh4 54. Qxg5#) (50. Qf5+ Kg7 51. Rxd5 d1=N+ 52. Kg1 Kg8 53. Qg6+ Kf8 54. Rd7 Ne3 55. Qf7#) 50... Kg6 51. Rxd5 d1=N+ 52. Kg1 Ne3 53. Rd6+ Kh5 54. Qh7#) 49. Bxc3 Rxb7 50. Ra5 {[%emt 0:01:21] Whites escaped into a draw.   Weighted Error Value: White=0.31/Black=0.32.  Missed win:     	---       	Black=1      Mistake:       	White=9     	Black=4      Inaccurate:     	White=2     	Black=3      OK:         	White=15    	Black=9      Best:        	White=2     	Black=2      Strong:       	---       	Black=1} 1/2-1/2

[Event "NY Presidents Day IM-B 2024"]
[Site "New York"]
[Date "2024.02.16"]
[Round "1.2"]
[White "Rajesh, C.S."]
[Black "Poliannikov, Danila"]
[Result "1/2-1/2"]
[ECO "D00"]
[WhiteElo "2218"]
[BlackElo "2282"]
[Annotator "TA"]
[PlyCount "88"]
[EventDate "2024.02.14"]
[EventType "schev"]
[EventCountry "USA"]
[SourceTitle "playchess.com"]
[Source "ChessBase"]
[SourceQuality "1"]
[TimeControl "5400+30"]

1. Nf3 Nf6 2. d4 g6 3. Nc3 d5 4. Bf4 Bg7 5. e3 O-O 6. Nb5 Na6 7. h3 Ne4 8. Nd2 Nxd2 9. Qxd2 c6 10. Na3 Nc7 11. Bh2 Ne6 12. c3 a6 13. Bd3 b5 14. Nc2 c5 15. b4 cxb4 (15... c4 $11 16. Be2 a5) 16. cxb4 Bd7 17. Rc1 Qb6 18. a3 Rfc8 19. O-O Bh6 20. Be2 Ng5 21. Na1 Ne4 22. Qb2 a5 23. Nb3 axb4 24. axb4 Nd6 25. Nc5 Be8 26. Bxd6 Qxd6 27. Ra1 Bg7 28. Rxa8 Rxa8 29. Ra1 Rxa1+ 30. Qxa1 e5 31. Bf3 Bc6 {[%emt 0:01:41] Inhibits Qa8+.} 32. Qa6 {[%emt 0:02:02] [#] Qc8+ would now be deadly.} (32. dxe5 {simplifies} Qxe5 33. Qxe5 Bxe5 34. Nb3) 32... exd4 33. Qc8+ Bf8 34. exd4 Qf6 35. Nb3 {[%emt 0:07:16] aiming for Na5.} Qe6 36. Qxe6 fxe6 $11 {[%emt 0:00:03][%mdl 4096] Endgame. KBB-KBN} 37. Nc5 Kf7 38. Kf1 Kf6 39. Nd3 {[%emt 0:00:15] The position is equal.} Bd6 40. Ke2 Be8 41. Ke3 g5 42. Be2 Bg6 43. g3 Bxd3 44. Bxd3 h6 {[%emt 0:00:17] Weighted Error Value: White=0.07 (flawless) /Black=0.09 (flawless) .  Mistake:       	---       	Black=1      Inaccurate:     	White=1     	Black=1      OK:         	White=14    	Black=16     Best:        	White=1     	Black=1} 1/2-1/2

[Event "NY Presidents Day IM-B 2024"]
[Site "New York"]
[Date "2024.02.16"]
[Round "1.3"]
[White "Wongso, Steve"]
[Black "Sun, Ryan"]
[Result "1/2-1/2"]
[ECO "C77"]
[WhiteElo "2229"]
[BlackElo "2217"]
[Annotator "TA"]
[PlyCount "153"]
[EventDate "2024.02.14"]
[EventType "schev"]
[EventCountry "USA"]
[SourceTitle "playchess.com"]
[Source "ChessBase"]
[SourceQuality "1"]
[TimeControl "5400+30"]

1. e4 e5 2. Nf3 Nc6 3. Bb5 a6 4. Ba4 Nf6 5. d3 d6 6. a3 g6 7. Nc3 Bg7 8. Nd5 h6 9. O-O O-O 10. c4 Nxd5 11. cxd5 Ne7 12. Bd2 f5 13. Ne1 g5 14. Rc1 Ng6 15. Ba5 b6 16. Bc3 Rf7 17. Nc2 f4 18. f3 h5 19. d4 g4 20. dxe5 Nxe5 21. Nd4 Qh4 22. Qe2 Kh8 23. fxg4 Bxg4 24. Qd2 Rg8 25. Ne6 Nf3+ 26. Rxf3 Bxf3 27. g3 Kh7 28. Bxg7 Rgxg7 29. Nxg7 Rxg7 $2 ({Better is} 29... fxg3 $19 30. Nf5 gxh2+) 30. Rxc7 $1 $11 (30. Qd3 {leads to mate.} fxg3 31. h3 Qxh3 (31... Qxe4 $2 32. Bc2 $19) (31... Bxe4 $2 32. Rc4 $19) 32. Qxf3 Qh2+ 33. Kf1 g2+ (33... Qxb2 34. Qxh5+ Kg8 35. Qe8+ Kh7 36. Qh5+ Kg8 37. Qe8+ Kh7 38. Qh5+ $11) 34. Ke2 g1=Q+ (34... g1=R+ {gets mated.} 35. Ke3 R1g3 36. Bd1 Qxb2 37. Rc6 Qxa3+ 38. Kd4 Qa1+ 39. Rc3 Rxf3 40. Bxf3 Rg3 41. Kc4 Qa4+ 42. Kd3 Qd1+ 43. Kc4 b5+ 44. Kb4 Qa4#) (34... g1=N+ 35. Ke3 Nxf3 36. Rf1 Qd2+ 37. Kxf3 Rf7+ 38. Kg3 Rxf1 39. Kh4 Qf4+ 40. Kh3 Qf3+ 41. Kh4 Qg4#) 35. Kd3 Rg3 (35... Qxc1 36. Qf5+ Rg6 37. Qf7+ Kh6 38. Qf8+ Kg5 39. Qe7+ Kg4 40. Qd7+ Kg3 41. Qh3+ Kxh3 42. Bd7+ Kh4 43. e5 Qg3+ 44. Ke4 Qcf4#) 36. Rxc7+ Kh6 37. Kc4 Qc1+ (37... Rxf3 38. Bd1 Qf1+ 39. Be2 Qhxe2+ 40. Kd4 Qg1#) (37... Rxf3 38. Bd1 Qf1+ 39. Be2 Qhxe2+ 40. Kd4 Qg1#)) 30... fxg3 $1 31. Rxg7+ Kxg7 32. Qc3+ Qf6 33. hxg3 Qxc3 34. bxc3 Bxe4 35. c4 Bd3 36. Bb3 $1 Kf6 37. Kf2 $1 Kg5 38. Ke3 Bf1 39. Kf2 Bh3 40. Kf3 Bf5 41. Ba4 Bh7 42. Bd1 Bg6 43. Ba4 Bb1 (43... Bd3 $5 44. Bb3 $8 Kf5 $11) 44. Bb3 Kf5 45. Bd1 a5 46. Ke3 Kg5 47. Be2 Bf5 48. Bd1 Bg4 49. Bc2 Bf5 50. Bd1 Bb1 51. Be2 Ba2 52. Kd2 Bb3 53. Kc3 Ba4 54. Kd2 Bd7 55. Ke3 Bg4 56. Bd3 Bd1 57. Kd2 Bf3 58. Ke3 Kg4 59. Kf2 Bd1 60. Ke1 Bb3 61. Kf2 Ba4 62. Be2+ Kg5 63. Ke3 Bc2 64. Kd2 Bf5 65. Ke3 Bg4 66. Bd3 Bd1 67. Kd2 Bf3 68. Ke3 Kg4 69. Kf2 Bd1 70. Ke1 Ba4 71. Kf2 Be8 72. Be2+ Kf5 73. Ke3 Ke5 74. Bd3 Bd7 75. Be2 Bg4 76. Bxg4 hxg4 77. a4 1/2-1/2

[Event "NY Presidents Day IM-B 2024"]
[Site "New York"]
[Date "2024.02.16"]
[Round "1.4"]
[White "Graif, William"]
[Black "Jimenez Fraga, Pedro Alejandro"]
[Result "1-0"]
[ECO "B22"]
[WhiteElo "2302"]
[BlackElo "2447"]
[Annotator "TA"]
[PlyCount "71"]
[EventDate "2024.02.14"]
[EventType "schev"]
[EventCountry "USA"]
[SourceTitle "playchess.com"]
[Source "ChessBase"]
[SourceQuality "1"]
[TimeControl "5400+30"]

1. e4 c5 2. c3 Nf6 3. e5 Nd5 4. Nf3 Nc6 5. d4 cxd4 6. Bc4 Nb6 7. Bb3 d5 8. exd6 Qxd6 9. O-O e6 10. cxd4 Be7 11. Nc3 O-O 12. Re1 Rd8 13. Ne4 Qc7 14. Qc2 {[%emt 0:18:11] The position is equal.} h6 {[%emt 0:31:20] Wards off Neg5} 15. Bd2 Nd5 16. Rac1 Qb6 17. Nc5 Bf8 18. Na4 Qc7 19. Qe4 Qd6 20. Be3 Nce7 (20... b6 $11) 21. Ne5 $1 $14 Nf5 22. Red1 (22. Qf3 $16) 22... Rb8 (22... Bd7 $11 {remains equal.}) 23. Qf3 {[%emt 0:00:18] [#] g4 is the strong threat. White is much more active.} f6 24. Ng6 Bd7 ({Better is} 24... b6 $14) 25. Nc3 ({White should play} 25. Nc5 $16 {Black must now prevent Bf4.} Bc6 26. Qg4 Nfxe3 27. fxe3) 25... Nxc3 (25... Nfxe3 $14 26. fxe3 Nxc3 27. Rxc3 (27. bxc3 a5 $14) 27... Kh7) 26. Rxc3 $18 Nxe3 27. Rxe3 {[%emt 0:00:20] [#] Strongly threatening Qf5.} Re8 (27... a5 $142) 28. Qe2 (28. Qe4 $18) 28... Rbc8 (28... a5 $16) 29. Re1 Rcd8 (29... a5 $16) 30. Qd3 (30. Bxe6+ Rxe6 31. Rxe6 Qxe6 32. Qxe6+ Bxe6 33. Rxe6 Rxd4 $15) 30... Bc8 31. Nxf8 (31. Qb1 $18) 31... Kxf8 $2 (31... Qxf8 $16 {was worth a try.} 32. Bc2 (32. Bxe6+ Rxe6 33. Rxe6 Bxe6 $11) 32... f5) 32. Qh7 {[%emt 0:01:06] Rg3 would now be deadly.} Qxd4 33. h3 $40 {[%emt 0:00:33][%mdl 128] White has strong attack.} (33. Bxe6 $2 Rxe6 34. h3 Qd5 35. Rxe6 Bxe6 $19) (33. Rg3 $142 f5 34. Bd1) 33... b5 $2 (33... f5 34. Rc3 (34. Bxe6 Bxe6 35. Rxe6 Rxe6 $11) (34. Re5 Qf4 $18) 34... Bd7) 34. Rd1 $2 ({Stronger than} 34. Bxe6 Bxe6 35. Rxe6 Rxe6 36. Rxe6 Qxb2 37. Qh8+ Kf7 38. Qxd8 Qc1+ 39. Kh2 Qf4+ 40. Kg1 Qc1+ 41. Kh2 Qf4+ 42. Kg1 Qc1+ $11) (34. Bc2 $18 f5 35. Bxf5) 34... Qb6 $2 (34... Qxd1+ $16 35. Bxd1 Rxd1+ 36. Kh2 Rd7) 35. Rxd8 Rxd8 36. Rg3 {[%emt 0:00:09] Weighted Error Value: White=0.67/Black=0.58.  Loses game:     	---       	Black=2      Missed win:     	White=1     	---        Mistake:       	White=5     	Black=8      Inaccurate:     	White=2     	---        OK:         	White=4     	Black=6      Best:        	White=1     	---        Strong:       	White=1     	---} 1-0

[Event "NY Presidents Day IM-B 2024"]
[Site "New York"]
[Date "2024.02.16"]
[Round "1.5"]
[White "Bortnyk, Mykola"]
[Black "Tanenbaum, Zachary"]
[Result "1-0"]
[ECO "A06"]
[WhiteElo "2421"]
[BlackElo "2272"]
[Annotator "RC"]
[PlyCount "165"]
[EventDate "2024.02.14"]
[EventType "schev"]
[EventCountry "USA"]
[SourceTitle "playchess.com"]
[Source "ChessBase"]
[SourceQuality "1"]
[TimeControl "5400+30"]

1. Nf3 d5 2. b3 Bg4 3. Bb2 Nd7 4. e3 Ngf6 5. Be2 e6 6. d3 Bd6 7. Nbd2 c6 8. h3 Bxf3 9. Nxf3 Qe7 10. a3 O-O 11. c4 a5 12. g4 e5 13. g5 Ne8 14. Qc2 Nc7 15. Rg1 f5 16. gxf6 Rxf6 17. d4 e4 18. c5 Bf4 19. Nd2 Bh6 20. Nf1 Raf8 21. Rg2 Ne6 22. Bg4 Qf7 23. O-O-O Ng5 24. Bc3 Ra8 25. Ng3 Nf3 26. Nh5 Rg6 27. Kb1 Nf6 28. Bxf3 exf3 29. Rxg6 hxg6 30. Nxf6+ Qxf6 31. Rg1 Qf7 32. Bd2 a4 33. bxa4 Re8 34. a5 Re4 35. Ka2 Kh7 36. Rb1 Qd7 37. Qd1 Qf7 38. Qb3 Re7 39. Qd3 Qe6 40. Rg1 Rf7 41. h4 Rf5 42. Qb1 Qf7 43. Rg4 Rh5 44. a4 Qe6 45. Rg3 Qf7 46. Qd1 Rf5 47. Ka3 Qf6 48. Rh3 Kg8 49. Qb3 Qe7 50. Rh1 Qe4 51. Qb1 Qe7 52. Rg1 Qf7 53. Qb6 Rh5 54. Rb1 Qf5 55. Rb2 Rxh4 56. Qd8+ Kh7 57. Qxh4 Qd3+ 58. Ka2 Qc4+ 59. Kb1 Qf1+ 60. Bc1 Qd3+ 61. Rc2 g5 62. Qh3 Qe4 63. Kb2 g4 64. Qf1 Bg5 65. Rd2 Kg6 66. Qd3 Qxd3 67. Rxd3 Bh4 68. Rd2 Kf5 69. Kc2 Ke4 70. Kd1 Bxf2 71. Rxf2 g3 72. Ke1 gxf2+ 73. Kxf2 g5 74. Bd2 g4 75. Be1 g3+ 76. Kxg3 Kxe3 77. Bf2+ Ke2 78. Bg1 Kf1 79. Be3 Ke2 80. Bf2 Kf1 81. a6 bxa6 82. Kxf3 a5 83. Bh4 1-0

[Event "NY Presidents Day IM-B 2024"]
[Site "New York"]
[Date "2024.02.16"]
[Round "1.6"]
[White "Pang, Qi"]
[Black "Lima, Darcy"]
[Result "1/2-1/2"]
[ECO "D74"]
[WhiteElo "2148"]
[BlackElo "2370"]
[Annotator "TA"]
[PlyCount "72"]
[EventDate "2024.02.14"]
[EventType "schev"]
[EventCountry "USA"]
[SourceTitle "playchess.com"]
[Source "ChessBase"]
[SourceQuality "1"]
[TimeControl "5400+30"]

1. Nf3 Nf6 2. c4 g6 3. g3 Bg7 4. Bg2 O-O 5. Nc3 d5 6. cxd5 Nxd5 7. O-O Nc6 8. d4 Bf5 9. Nd2 Nxc3 10. bxc3 Qd7 {[%emt 0:04:13] White is slightly better.} 11. Nb3 b6 12. Bf4 (12. e4 $14 {was preferrable.} Bh3 13. Bxh3 Qxh3 14. e5) 12... Rac8 13. d5 Ne5 14. Nd4 Rfe8 15. Qb3 a5 16. Rfd1 Bh3 17. Bxe5 Bxe5 18. Nc6 Bg7 19. Qc4 Bxg2 20. Kxg2 e6 21. e4 exd5 22. Rxd5 Qe6 23. Re1 h5 (23... Bf8 $11 {keeps the balance.}) 24. h4 (24. e5 $16) 24... Kh7 (24... Bf8 $11) 25. Re3 {[%emt 0:01:44] White has more active pieces.} (25. e5 $142) 25... Rf8 26. Nd4 (26. e5 $16) 26... Bxd4 $14 27. Qxd4 (27. Rxd4 Qxc4 28. Rxc4 c5 $11) (27. cxd4 $2 c6 $19) 27... c6 {[%emt 0:00:24] [#]} ({Black should try} 27... Rce8 $14) 28. Rd6 $1 $16 Qxa2 29. Qxb6 a4 30. Qc5 Qb2 31. Rf3 ({Don't play} 31. Rxc6 $6 Rxc6 32. Qxf8 Rf6 $11 (32... Rxc3 $2 33. Qxf7+ Kh6 34. Qf6 $18)) 31... Qb5 32. Qa7 Kg8 {[%emt 0:00:40][%mdl 8192] [#]} (32... Qc4 $16) 33. Rdf6 $2 (33. Rff6 $1 {mates} Qe5 34. Rxg6+ (34. Rxc6 $2 {perishes.} Rxc6 35. Rf4 Rc4 $19) (34. Qxa4 Rce8 $16) 34... Kh8 35. Rh6+ Kg8 36. Rdg6+ (36. Qxa4 Rfe8 $18) 36... Qg7 37. Rxg7+ Kxg7 38. Rxh5) 33... Qc4 34. e5 {[%emt 0:00:36] Black is weak on the dark squares} Ra8 $1 35. Qc7 {[%emt 0:00:38] aiming for e6.} Rac8 36. Qd6 {[%emt 0:01:25] e6 would now be deadly.} Qd5 {[%emt 0:01:42] Weighted Error Value: White=0.39/Black=0.45.  Loses game:     	---       	Black=1      Missed win:     	White=1     	---        Mistake:       	White=4     	Black=3      Inaccurate:     	White=2     	Black=4      OK:         	White=9     	Black=9      Strong:       	White=1     	Black=1} 1/2-1/2

[Event "NY Presidents Day IM-B 2024"]
[Site "New York"]
[Date "2024.02.16"]
[Round "2.1"]
[White "Lee, Megan"]
[Black "Jimenez Fraga, Pedro Alejandro"]
[Result "1-0"]
[ECO "D84"]
[WhiteElo "2267"]
[BlackElo "2447"]
[Annotator "TA"]
[PlyCount "95"]
[EventDate "2024.02.14"]
[EventType "schev"]
[EventCountry "USA"]
[SourceTitle "playchess.com"]
[Source "ChessBase"]
[SourceQuality "1"]
[TimeControl "5400+30"]

1. d4 Nf6 2. c4 g6 3. Nc3 d5 4. Bf4 Bg7 5. e3 O-O 6. cxd5 Nxd5 7. Nxd5 Qxd5 8. Bxc7 Nc6 9. Ne2 Bg4 10. f3 Bxf3 11. gxf3 Qxf3 12. Rg1 Qxe3 13. Bf4 Qe4 14. Bg2 {[%emt 0:04:22] White is better.} Qf5 15. Qd2 (15. Bxc6 $1 $16 bxc6 16. Qd2) 15... Rac8 (15... e5 $1 $11 {keeps the balance.} 16. Bxc6 exf4 17. Bxb7 Rad8) 16. Bf3 {[%emt 0:10:36] And now Bg4 would win.} Qb5 17. Bxc6 Rxc6 18. Be3 Rd8 19. Rd1 Qh5 20. Nf4 Qf5 21. Rg2 e5 22. Ne2 {[%emt 0:00:40] [#]} (22. Nd3 $1 $15) 22... exd4 $1 $17 {[%emt 0:00:00] White must now prevent ...Re6.} 23. Ng3 (23. Qd3 $17 {was called for.} Qf3 (23... dxe3 $2 24. Qxd8+ Bf8 25. Qg5 $18) 24. Rg3 Qh1+ 25. Rg1 Qxh2 26. Bf4 Qh4+ 27. Kd2) 23... Qe6 ({Black should try} 23... Qg4 $19 24. Kf1 Bf6) 24. Kf1 Qxa2 (24... Qxe3 $2 {too greedy.} 25. Qxe3 dxe3 26. Rxd8+ Bf8 27. Ke2 $18) 25. Bh6 Bh8 26. Kg1 Qd5 {[%emt 0:00:00] Against Nf5} (26... d3 {is interesting.} 27. Qf4 Qd5 28. Nf5 Re6) 27. Qd3 Re6 28. Rf1 Rde8 29. Bd2 {[%emt 0:00:21] Prevents Re1.} (29. Nf5 {is more complex.} Re1 30. Bd2 Rxf1+ 31. Qxf1 Bg7 32. Nxg7 Kxg7 33. Qf4) 29... Bg7 30. Rgf2 f5 31. Ra1 a6 32. Ra5 b5 33. b3 h5 34. Ne2 Qc6 35. Rg2 {[%emt 0:00:34] [#]} (35. Ra2 $1 $11) 35... Kh7 $2 (35... h4 $1 $17 {[%cal Rh4h3] Strongly threatening ...h3!} 36. h3 Qd6) 36. Ra1 $1 $11 Qe4 37. Nf4 {[%emt 0:00:25] Hoping for Qg3.} Bh6 38. Qxe4 Rxe4 39. Nd5 R8e6 {[%emt 0:00:19] Dodges Nf6+} 40. Nc7 Re7 41. Nd5 R7e6 {[%emt 0:00:18] Wards off Nf6+} 42. Nc7 Rc6 43. Nxa6 Rg4 44. Rxg4 hxg4 45. Nb4 Rc7 {[%emt 0:00:47] Inhibits Ra7.} 46. Nd5 Rf7 47. Bxh6 Kxh6 48. Rd1 {[%emt 0:00:00][%mdl 32768] Weighted Error Value: White=0.18 (very precise) /Black=0.19 (very precise) .  Mistake:       	White=4     	Black=3      Inaccurate:     	White=5     	Black=4      OK:         	White=16    	Black=15     Best:        	White=1     	---        Strong:       	White=1     	Black=1     . Loss on time!?} 1-0

[Event "NY Presidents Day IM-B 2024"]
[Site "New York"]
[Date "2024.02.16"]
[Round "2.2"]
[White "Bortnyk, Mykola"]
[Black "Rajesh, C.S."]
[Result "1-0"]
[ECO "B84"]
[WhiteElo "2421"]
[BlackElo "2218"]
[Annotator "TA"]
[PlyCount "57"]
[EventDate "2024.02.14"]
[EventType "schev"]
[EventCountry "USA"]
[SourceTitle "playchess.com"]
[Source "ChessBase"]
[SourceQuality "1"]
[TimeControl "5400+30"]

1. e4 c5 2. Nf3 e6 3. d4 cxd4 4. Nxd4 Nc6 5. Nc3 Qc7 6. Be2 a6 7. f4 d6 8. Be3 Nf6 9. Bf3 Be7 10. h4 Nxd4 (10... e5 $11 11. Nde2 O-O) 11. Qxd4 $14 e5 12. Qd2 {[%emt 0:00:42] White is slightly better.} exf4 (12... Bd7 $14) 13. Bxf4 $16 Be6 14. O-O-O Rd8 15. h5 Qa5 (15... h6 $14) 16. Kb1 (16. h6 $16) 16... Ng4 ({Black should play} 16... h6 $14) 17. h6 $36 {[%emt 0:10:53][%mdl 2048] [#] Bxg4 is the strong threat. White is really pushing.} g6 $2 (17... Bf6 $16 {is a better chance.}) 18. Bxg4 $18 Bxg4 19. Qd4 f6 20. b4 Qc7 21. Nd5 $1 Qd7 {[%emt 0:00:24] Black is weak on the dark squares} 22. Bg5 (22. Nxf6+ Bxf6 23. Qxf6 Rf8 $17) 22... Rf8 23. Bxf6 (23. Nxf6+ Bxf6 24. Bxf6 Bxd1 25. Bxd8 (25. Rxd1 Rc8 $11) 25... Bxc2+ 26. Kxc2 Kxd8 $11) 23... Bxf6 24. Nxf6+ Rxf6 25. Qxf6 {[%emt 0:00:07] [#] Strongly threatening Qh8+.} Bxd1 (25... Qe7 $142 26. Qxe7+ Kxe7) 26. Qh8+ {[%emt 0:00:45] White is clearly winning.} Ke7 27. Qxh7+ Kf6 28. Qxd7 Rxd7 29. h7 {[%emt 0:00:04] White took control after the opening.   Weighted Error Value: White=0.17 (very precise) /Black=0.69.  Loses game:     	---       	Black=1      Mistake:       	White=1     	Black=5      Inaccurate:     	White=1     	---        OK:         	White=5     	Black=6      Best:        	White=6     	Black=1} 1-0

[Event "NY Presidents Day IM-B 2024"]
[Site "New York"]
[Date "2024.02.16"]
[Round "2.3"]
[White "Sun, Ryan"]
[Black "Lima, Darcy"]
[Result "1-0"]
[ECO "A62"]
[WhiteElo "2217"]
[BlackElo "2370"]
[Annotator "TA"]
[PlyCount "88"]
[EventDate "2024.02.14"]
[EventType "schev"]
[EventCountry "USA"]
[SourceTitle "playchess.com"]
[Source "ChessBase"]
[SourceQuality "1"]
[TimeControl "5400+30"]

1. d4 Nf6 2. c4 g6 3. g3 Bg7 4. Bg2 O-O 5. Nc3 c5 6. d5 d6 7. Nf3 e6 8. O-O exd5 9. cxd5 a6 10. a4 Re8 11. Bf4 h6 12. Re1 g5 13. Bc1 Nbd7 14. Qc2 {[%emt 0:06:21] White is slightly better.} Rb8 15. a5 b5 16. axb6 Nxb6 17. h4 g4 18. Nh2 Nc4 19. b3 Ne5 20. Ba3 Nh5 21. Ra2 {[%emt 0:08:14] [#]} (21. e4 $15) 21... f5 (21... Qb6 $1 $17 {[%cal Oh5g3] And now ...Nxg3! would win.} 22. Nf1 Nf3+ (22... Qxb3 23. Qxb3 Rxb3 24. Ne4 $17) 23. Bxf3 gxf3) 22. e3 $15 f4 23. exf4 Nf3+ 24. Nxf3 (24. Bxf3 $2 {too greedy.} Rxe1+ 25. Nf1 gxf3 $19) 24... gxf3 25. Rxe8+ Qxe8 26. Bxf3 {[%emt 0:00:46] Black must now prevent Bb2.} Qe1+ 27. Kh2 {[%emt 0:00:22][%cal Oc2g6] Qg6! would now be deadly.} Nxg3 $1 28. fxg3 Qxc3 29. Qe2 $36 {[%emt 0:00:50][%mdl 2048] Hoping for Bb2. White is pushing.} Qf6 (29... Rxb3 $11 30. Qe8+ Bf8 31. Qxc8 Qxf3 32. Qe6+ Kh7 33. Qf5+ Kg8 34. Qg6+ Bg7) 30. Bb2 Qf8 {[%emt 0:00:00][%mdl 8192] Loses the game.} (30... Qf5 $16) 31. Bxg7 $18 Kxg7 32. Bg4 Bb7 33. Be6 {[%emt 0:00:53] Black is weak on the light squares} Qf6 34. h5 Kh8 35. Qg4 Rf8 36. Re2 Re8 37. Kh3 Qf8 $2 (37... a5 38. Ra2 Ba6) 38. Rc2 {[%emt 0:06:18] White is clearly winning.} Qf6 {[%emt 0:04:44] [#]} (38... a5 $142 39. f5 Ba6) 39. b4 $1 c4 (39... Qg7 40. bxc5) 40. Qg6 Qxg6 41. hxg6 Bc8 42. Rxc4 Bxe6+ 43. dxe6 Rxe6 44. f5 Rf6 {[%emt 0:16:28] Weighted Error Value: White=0.28 (precise) /Black=0.46.  Loses game:     	---       	Black=1      Mistake:       	White=1     	Black=4      Inaccurate:     	White=3     	Black=2      OK:         	White=7     	Black=9      Best:        	White=6     	Black=1      Strong:       	---       	Black=1} 1-0